 Dungeon Crawl Stone Soup version 0.28-a0-1412-gf95308ed99 (webtiles) character file.

Game seed: 1232406086580889992

119 ders the Magician (level 5, 0/35 HPs)
             Began as a Djinni Fire Elementalist on Jan 6, 2022.
             Slain by an orc (5 damage)
             ... on level 3 of the Dungeon.
             The game lasted 00:03:19 (3020 turns).

ders the Magician (Djinni Fire Elementalist)        Turns: 3020, Time: 00:03:20

Health: 0/35       AC:  2    Str:  7    XL:     5   Next: 24%
Gold:   95         EV: 12    Int: 19    God:
                   SH:  0    Dex: 13

rFire   + + .      SeeInvis .   (no weapon)
rCold   x . .      Faith    .   (no shield)
rNeg    . . .      Spirit   .   a - +0 robe
rPois   ∞          Reflect  .   (no helmet)
rElec   .          Harm     .   (no cloak)
rCorr   .          Rampage  .   (no gloves)
Will    .....                   (boots unavailable)
Stlth   ++........              (no amulet)
HPRegen 0.11/turn               (no ring)
MPRegen 0.00/turn               (no ring)

@: wereblooded, flying
A: sickness immunity, fire resistance 2, cold vulnerability 1, float, innate
caster, hp casting, extra vitality 1
a: no special abilities


You were on level 3 of the Dungeon.
You visited 1 branch of the dungeon, and saw 3 of its levels.

You collected 95 gold pieces.

Inventory:

Armour
 a - a +0 robe (worn)
Jewellery
 j - a ring of see invisible
Scrolls
 c - a scroll of summoning {unknown}
 e - a scroll of enchant armour {unknown}
 f - a scroll of fog {unknown}
 h - a scroll of brand weapon {unknown}
 k - a scroll of teleportation {unknown}
Potions
 b - 3 potions of mutation {unknown}
 d - a potion of flight {unknown}
 g - 2 potions of heal wounds {unknown}
 i - a potion of haste {unknown}


   Skills:
 - Level 2.1 Dodging
 - Level 1.5 Stealth
 + Level 4.3 Spellcasting


You couldn't memorise any spells.
You knew the following spells:

 Your Spells              Type           Power      Damage    Failure   Level
a - Foxfire               Conj/Fire      80%        2x1d8     2%          1
b - Scorch                Fire           40%        2d7       3%          2
c - Conjure Flame         Conj/Fire      20%        6-21      7%          3
d - Inner Flame           Hex/Fire       20%        N/A       7%          3
e - Flame Wave            Conj/Fire      20%        2d6       22%         4
f - Pain                  Necr           80%        1d8       2%          1
g - Wereblood             Tmut           20%        N/A       3%          2
Your spell library was empty.

Dungeon Overview and Level Annotations

Branches:
Dungeon (3/15)

Altars:
Nemelex Xobeh


Innate Abilities, Weirdness & Mutations

You are immune to sickness and miasma.
You are immune to poison.
Your flesh is very heat resistant. (rF++)
You are vulnerable to cold. (rC-)
You float through the air rather than walking.
You learn spells naturally, not from books.
Your magical power is your life essence.
You have superior vitality. (+4 MHP)


Message History

You reach down and open the door.
There is an open door here.
Done exploring.
Done exploring.
You reach down and open the door.
There is an open door here.
There is a stone staircase leading down here.
You fly downwards.
The orc shouts! x5
Found 17 sling bullets.
Found a stone staircase leading up.
There is a stone staircase leading up here.
There are monsters nearby!
Casting: Foxfire (safe; 2% risk of failure)
Confirm with . or Enter, or press ? or * to list all spells.
Your blood is infused with primal strength.
The orc hits you with a +0 hand axe.
Casting: Wereblood (safe; 3% risk of failure)
Confirm with . or Enter, or press ? or * to list all spells.
You conjure some foxfire!
The orc hits you but does no damage. The orc closely misses you.
The orc hits you with a +0 club.
The foxfire hits the orc!
You feel a bit better.
You kill the orc!
The foxfire hits the orc.
The orc is almost dead.
The orc hits you with a +0 dagger. x2; The orc hits you with a +0 hand axe!
Unknown command.
Casting: Foxfire (safe; 2% risk of failure)
Confirm with . or Enter, or press ? or * to list all spells.
Flames lash the orc.
You feel a bit better.
You kill the orc!
The orc hits you with a +0 dagger. The orc hits you with a +0 hand axe.
* * * LOW HITPOINT WARNING * * *
You howl as the wereblood boils in your veins!
The orc barely misses you. The orc hits you with a +0 hand axe.
* * * LOW HITPOINT WARNING * * *
Unknown command.
The orc barely misses you. The orc hits you with a +0 dagger.
* * * LOW HITPOINT WARNING * * *
The orc hits you with a +0 hand axe.
You die...

####### ....<..
########.......
...............
......ooo..#
......)@#
.(......#
#####....
...#### ..##
#.# ... #.


You could see 3 orcs.

Vanquished Creatures
  Jessica (D:2)
  Robin (D:2)
  2 adders (D:2)
  A dart slug (D:2)
  2 orcs (D:3)
  4 endoplasms
  3 giant cockroaches
  9 goblins
  11 hobgoblins
  2 quokkas
  3 ball pythons
  5 bats
  5 frilled lizards
  3 kobolds
  6 rats
58 creatures vanquished.

Vanquished Creatures (others)
  173 foxfires
173 creatures vanquished.

Grand Total: 231 creatures vanquished

Notes
Turn   | Place    | Note
-------+----------+-------------------------------------------
     0 | D:1      | ders the Djinni Fire Elementalist began the quest for the
                  | Orb.
     0 | D:1      | Reached XP level 1. HP: 15/15 MP: 0/0
   195 | D:1      | Reached XP level 2. HP: 17/21 MP: 0/0
   418 | D:1      | Reached skill level 3 in Spellcasting
   813 | D:1      | Reached XP level 3. HP: 22/25 MP: 0/0
   813 | D:1      | Learned a level 1 spell: Pain
  1230 | D:1      | Found a faded altar of an unknown god.
  1477 | D:2      | Noticed Robin
  1877 | D:2      | Reached XP level 4. HP: 17/31 MP: 0/0
  2053 | D:2      | Killed Robin
  2135 | D:2      | Found a sparkling altar of Nemelex Xobeh.
  2370 | D:2      | Noticed Jessica
  2384 | D:2      | Killed Jessica
  2385 | D:2      | Reached skill level 4 in Spellcasting
  2385 | D:2      | Reached XP level 5. HP: 17/35 MP: 0/0
  2385 | D:2      | Learned a level 2 spell: Wereblood
  3020 | D:3      | Slain by an orc

Illustrated notes

Levels and vault maps discovered:
D:1:      dpeg_arrival_round_c, layout_basic, nicolae_ecumenical_lake_church,
          minivault_19, nicolae_figureground_sparkle
D:2:      layout_basic, basic_altar, kennysheep_decorative_pillar, uniq_robin,
          uniq_jessica
D:3:      layout_rooms, roderic_lattice_a, uniq_natasha

Skill      XL: |  1  2  3  4 |
---------------+-------------+-----
Spellcasting   | 3 4 |  4.3
Dodging        | |  2.1
Stealth        | |  1.5

Action                   |  1- 3 |  4- 6 || total
-------------------------+-------+-------++-------
Melee: Unarmed           |     1 |       ||     1
 Cast: Foxfire           |    79 |    33 ||   112
       Scorch            |     6 |     4 ||    10
       Wereblood         |       |     1 ||     1
Armor: Robe              |     4 |     2 ||     6
Dodge: Dodged            |    21 |    11 ||    32

Table legend: (Time is in decaauts)
 A = Elapsed time spent in this place.
 B = Non-inter-level travel time spent in this place.
 C = Inter-level travel time spent in this place.
 D = Time resting spent in this place.
 E = Time spent auto-exploring this place.
 F = Levels seen in this place.
 G = Mean time per level.
                   A        B        C        D        E       F      G
               +--------+--------+--------+--------+--------+-----+--------+
         Total |   3020 |   2963 |     57 |    541 |   2041 |   3 | 1006.7 |
       Dungeon |   3020 |   2963 |     57 |    541 |   2041 |   3 | 1006.7 |
               +--------+--------+--------+--------+--------+-----+--------+

Top non-repeatable levels by time:
     D:1: 1561 daAuts
     D:2: 1453 daAuts
     D:3: 5 daAuts
